 Dungeon Crawl Stone Soup version 0.29-a0-393-g47a863cc1b (webtiles) character file.

Game seed: 13660261556537117831

182 Hubjo the Magician (level 5, 0/30 HPs)
             Began as a Deep Elf Fire Elementalist on May 10, 2022.
             Was an Initiate of Ashenzari.
             Succumbed to a scorpion's poison
             ... on level 4 of the Dungeon.
             The game lasted 00:04:50 (4356 turns).

Hubjo the Magician (Deep Elf Fire Elementalist)     Turns: 4356, Time: 00:04:51

Health: 0/30       AC:  2    Str:  5    XL:     5   Next: 35%
Magic:  10/13      EV: 13    Int: 22    God:    Ashenzari [......]
Gold:   122        SH:  0    Dex: 15    Spells: 7/12 levels left

rFire   + . .      SeeInvis .   d - +1 mace (protect)
rCold   + . .      Faith    .   (no shield)
rNeg    . . .      Spirit   .   a - +0 robe
rPois   .          Reflect  .   (no helmet)
rElec   .          Harm     .   h - scarf "Thunder Perfect Mind" {rC+ rF+, Cun, Evo} (curse)
rCorr   .          Rampage  .   (no gloves)
Will    .....                   (no boots)
Stlth   +++.......              (no amulet)
HPRegen 0.10/turn               (no ring)
MPRegen 0.13/turn               (no ring)

@: brilliant, lethally poisoned (0 -> -7), invisible
A: no striking features
a: Renounce Religion, Shatter the Chains


You were on level 4 of the Dungeon.
You worshipped Ashenzari.
Ashenzari was noncommittal.
You visited 1 branch of the dungeon, and saw 4 of its levels.

You collected 122 gold pieces.

Inventory:

Hand Weapons
 d - a +1 mace of protection (weapon)
Armour
 a - a +0 robe (worn)
 h - the cursed scarf "Thunder Perfect Mind" (worn) {rC+ rF+, Cun, Evo}
   (You found it on level 1 of the Dungeon)

   It has a curse which improves the following skills: Cunning: Dodging and
   Stealth.
   Evocations: Evocations.
 i - a +0 pair of gloves
Scrolls
 e - a scroll of vulnerability {unknown}
 g - 4 scrolls of blinking
 j - a scroll of fog {unknown}
 k - 2 scrolls of poison
 n - a scroll of identify
 p - a scroll of enchant weapon {unknown}
 q - a scroll of immolation {unknown}
 r - a scroll of noise {unknown}
 s - a scroll of enchant armour {unknown}
Potions
 b - a potion of magic
 c - 2 potions of brilliance
 f - a potion of curing {unknown}
 l - a potion of attraction {unknown}
 o - a potion of resistance {unknown}


   Skills:
 + Level 2.2 Fighting
 - Level 2.4(2.8) Dodging
 + Level 4.0(4.4) Stealth
 + Level 4.4 Spellcasting
 - Level 1.1 Conjurations
 * Level 4.3 Fire Magic


You had 7 spell levels left.
You knew the following spells:

 Your Spells              Type           Power      Damage    Failure   Level
a - Foxfire               Conj/Fire      100%       2x1d9     3%          1
b - Flame Wave            Conj/Fire      25%        2d7       34%         4

Your spell library contained the following spells:

 Spells                   Type           Power      Damage    Failure   Level
 Scorch                   Fire           70%        2d8       2%          2
 Conjure Flame            Conj/Fire      25%        6-21      11%         3
 Inner Flame              Hex/Fire       21%        N/A       13%         3
 Sublimation of Blood     Necr           7%         N/A       16%         2
 Wereblood                Tmut           7%         N/A       16%         2
 Summon Hydra             Summ           3%         N/A       100%        7


Dungeon Overview and Level Annotations

Branches:
Dungeon (4/15)
 Temple: D:4-7

Altars:
Ashenzari
Hepliaklqana
The Shining One

Annotations:
D:4 1 runed translucent door


Message History

You are too injured to fight recklessly!
You are too injured to fight recklessly!
You are too injured to fight recklessly!
You are too injured to fight recklessly!
You are too injured to fight recklessly!
You are too injured to fight recklessly!
You are too injured to fight recklessly!
You are too injured to fight recklessly!
You are too injured to fight recklessly!
You are too injured to fight recklessly!
You are too injured to fight recklessly!
You are too injured to fight recklessly!
Your foxfire dissipates!
You feel sick. The scorpion closely misses you.
You feel sick.
You feel sick.
You feel sick.
You feel sick.
You feel sick.
You are no longer poisoned.
The scorpion completely misses you.
As you read the scroll labelled MAZOTZ SEKU, it crumbles to dust.
It is a scroll of identify.
k - 2 scrolls of poison The scorpion stings you.
* * * LOW HITPOINT WARNING * * *
You are lethally poisoned!
The scorpion poisons you!
Blink to where?
Press: ? - help, Dir - move target
As you read the scroll of blinking, it crumbles to dust.
* * * LOW HITPOINT WARNING * * *
You feel very sick.
It was a potion of brilliance.
You feel clever all of a sudden.
* * * LOW HITPOINT WARNING * * *
You feel sick.
It was a potion of invisibility.
You fade into invisibility!
You die...

# #. #. ######
#.#############)....
####.............'.....
#............#####.....
#.....@......# #.....
#...†........# ###.....
.........####.###.......
###.#...................
# ###..####.###.......
####..####.# ##....##
#....s.....# #...(#
##.##..###### #....#
#..........### #....#


You could see a scorpion (can't see you).

Vanquished Creatures
  A water moccasin (D:3)
  Terence (D:3)
  4 dart slugs
  4 endoplasms
  3 giant cockroaches
  2 goblins (D:1)
  9 hobgoblins
  4 jackals (D:2)
  2 quokkas
  2 ball pythons (D:1)
  3 frilled lizards (D:1)
  6 kobolds
  11 rats
52 creatures vanquished.

Vanquished Creatures (collateral kills)
  4 foxfires
4 creatures vanquished.

Vanquished Creatures (others)
  280 foxfires
  2 fungi (D:1)
  A plant (D:1)
283 creatures vanquished.

Grand Total: 339 creatures vanquished

Notes
Turn   | Place    | Note
-------+----------+-------------------------------------------
     0 | D:1      | Hubjo the Deep Elf Fire Elementalist began the quest for
                  | the Orb.
     0 | D:1      | Reached XP level 1. HP: 10/10 MP: 6/6
   511 | D:1      | Reached XP level 2. HP: 16/16 MP: 4/8
  1802 | D:1      | Reached XP level 3. HP: 20/20 MP: 6/10
  2138 | D:1      | Found a faded altar of an unknown god.
  2144 | D:1      | Prayed at the altar of an unknown god.
  2144 | D:1      | Became a worshipper of the Shining One
  2144 | D:1      | Reached * piety under the Shining One
  2269 | D:2      | Reached skill level 1 in Fighting
  2995 | D:3      | Found a hazy altar of Hepliaklqana.
  3153 | D:3      | Found a broken altar of Ashenzari.
  3330 | D:3      | Fell from the grace of the Shining One
  3330 | D:3      | Became a worshipper of Ashenzari the Shackled
  3366 | D:3      | Noticed Terence
  3385 | D:3      | Killed Terence
  3386 | D:3      | Reached XP level 4. HP: 14/25 MP: 0/11
  3983 | D:3      | Noticed a water moccasin
  3992 | D:3      | Killed a water moccasin
  3993 | D:3      | Reached XP level 5. HP: 30/30 MP: 8/13
  4071 | D:3      | Learned a level 4 spell: Flame Wave
  4234 | D:4      | Found a runed translucent gate.
  4356 | D:4      | Succumbed to a scorpion's poison

Illustrated notes

Levels and vault maps discovered:
D:1:      nagdon_arrival_zigzag_paths, layout_basic,
          shapermc_ecumenical_altar_petra
D:2:      layout_rooms
D:3:      layout_loops_corners, ashenzari_altar_1,
          nicolae_hepliaklqana_hazy_memory, uniq_terence
D:4:      kennysheep_kobold_camp, layout_basic,
          gammafunk_temple_overflow_statue,
          nicolae_gozag_cash_rules_everything_around_me, gammafunk_ghost_icy,
          st_stairs_1, minmay_box_of_dots

Skill      XL: |  1  2  3  4 |
---------------+-------------+-----
Stealth        | 3 4 |  4.0
Fighting       | 1 2 |  2.2
Fire Magic     | 4 |  4.3
Spellcasting   | 4 |  4.4
Dodging        | |  2.4
Conjurations   | |  1.1

Action                   |  1- 3 |  4- 6 || total
-------------------------+-------+-------++-------
Melee: Unarmed           |     1 |       ||     1
       Mace              |    14 |    10 ||    24
 Cast: Foxfire           |   146 |    22 ||   168
Invok: Curse Item        |       |     1 ||     1
  Use: Scroll            |     1 |     2 ||     3
       Potion            |       |     2 ||     2
Armor: Robe              |     9 |     3 ||    12
Dodge: Dodged            |    19 |    16 ||    35

Table legend: (Time is in decaauts)
 A = Elapsed time spent in this place.
 B = Non-inter-level travel time spent in this place.
 C = Inter-level travel time spent in this place.
 D = Time resting spent in this place.
 E = Time spent auto-exploring this place.
 F = Levels seen in this place.
 G = Mean time per level.
                   A        B        C        D        E       F      G
               +--------+--------+--------+--------+--------+-----+--------+
         Total |   4364 |   4166 |    198 |      0 |   3697 |   4 | 1091.0 |
       Dungeon |   4364 |   4166 |    198 |      0 |   3697 |   4 | 1091.0 |
               +--------+--------+--------+--------+--------+-----+--------+

Top non-repeatable levels by time:
     D:1: 2162 daAuts
     D:3: 1319 daAuts
     D:2: 754 daAuts
     D:4: 127 daAuts
